PCL
SAN JOSE MISSIONS @ SANTA MONICA BRUINS
09/10/2029
 
TOP OF THE 1ST
San Jose Missions batting - Pitching for Santa Monica Bruins : LHP Rafael Alemán
Pitching: LHP Rafael Alemán
Batting: RHB Brandon Townsley 0-0: Ball
1-0: Ball
2-0: Foul Ball, location: 2F
2-1: SINGLE (Groundball, 56D)
Batting: RHB Jorge Díaz 0-0: Ball
1-0: Swinging Strike
1-1: Foul Ball, location: 2F
1-2: Foul Ball, location: 2F
1-2: Foul Ball, location: 2F
1-2: Strikes out swinging
Brandon Townsley is caught stealing 2nd base
Batter strikes out.
Batting: SHB Ángel González 0-0: Ball
1-0: Foul Ball, location: 2F
1-1: Ball
2-1: Ground out 5-3 (Groundball, 56)
Top of the 1st over - 0 runs, 1 hit, 0 errors, 0 left on base; San Jose 0 - Santa Monica 0
BOTTOM OF THE 1ST
Santa Monica Bruins batting - Pitching for San Jose Missions : RHP Ralph Williams
Pitching: RHP Ralph Williams
Batting: LHB Gonzalo Benítez 0-0: Ball
1-0: Foul Ball, location: 2F
1-1: Swinging Strike
1-2: Ball
2-2: Strikes out swinging
Batting: RHB John Nelson 0-0: SINGLE (Groundball, 6S) (infield hit)
Batting: RHB Matt O'Rourke 0-0: Called Strike
0-1: Swinging Strike
0-2: Ball
1-2: Strikes out swinging
Batting: RHB Luis Martínez 0-0: Ball
1-0: Ball
2-0: Ball
3-0: Called Strike
3-1: Called Strike
3-2: Base on Balls
John Nelson to second
Batting: RHB Manny Copriviza 0-0: Foul Ball, location: 2F
0-1: Ball
1-1: Ball
2-1: Fly out, F7 (Flyball, 78S)
Bottom of the 1st over - 0 runs, 1 hit, 0 errors, 2 left on base; San Jose 0 - Santa Monica 0
TOP OF THE 2ND
San Jose Missions batting - Pitching for Santa Monica Bruins : LHP Rafael Alemán
Batting: RHB Irwin Duncan 0-0: Called Strike
0-1: Fly out, F8 (Flyball, 8LD)
Batting: LHB John Foster 0-0: Called Strike
0-1: Foul Ball, location: 2F
0-2: Ball
1-2: Foul Ball, location: 2F
1-2: Ball
2-2: Foul Ball, location: 2F
2-2: Ball
3-2: Strikes out swinging
Batting: RHB Chase Mueller 0-0: Foul Ball, location: 2F
0-1: Ground out 1-3 (Groundball, 13)
Top of the 2nd over - 0 runs, 0 hits, 0 errors, 0 left on base; San Jose 0 - Santa Monica 0
BOTTOM OF THE 2ND
Santa Monica Bruins batting - Pitching for San Jose Missions : RHP Ralph Williams
Batting: LHB Ethan Shaw 0-0: Called Strike
0-1: Ball
1-1: Ball
2-1: Called Strike
2-2: Fly out, F3 (Popup, 34)
Batting: LHB Michael Myers 0-0: SINGLE (Line Drive, 4MD)
Batting: RHB Mario Rosales 0-0: Ball
Throwing error on steal attempt, E2
Michael Myers to third
1-0: Foul Ball, location: 2F
1-1: Ball
2-1: Ball
3-1: Foul Ball, location: 2F
3-2: Base on Balls
Batting: RHB Dave King 0-0: Called Strike
0-1: Ball
1-1: Ball
2-1: Called Strike
2-2: Grounds into double play, 6-4-3 (Groundball, 6)
Bottom of the 2nd over - 0 runs, 1 hit, 1 error, 1 left on base; San Jose 0 - Santa Monica 0
TOP OF THE 3RD
San Jose Missions batting - Pitching for Santa Monica Bruins : LHP Rafael Alemán
Batting: LHB Pedro Ramos 0-0: Called Strike
0-1: SINGLE (Flyball, 8LS)
Batting: RHB Raúl Bruno 0-0: Called Strike
0-1: Ball
1-1: Ball
2-1: Swinging Strike
2-2: SINGLE (Flyball, 7S)
Pedro Ramos to second
Batting: RHB José Ramos 0-0: Called Strike
0-1: Swinging Strike
0-2: Foul Ball, location: 2F
0-2: Strikes out looking
Batting: RHB Brandon Townsley 0-0: Ball
1-0: Ball
2-0: Ball
3-0: Called Strike
3-1: Base on Balls
Pedro Ramos to third
Raúl Bruno to second
Batting: RHB Jorge Díaz 0-0: Ball
1-0: Called Strike
1-1: Foul Ball, location: 2F
1-2: Foul Ball, location: 2F
1-2: Strikes out swinging
Batting: SHB Ángel González 0-0: Called Strike
0-1: Ball
1-1: DOUBLE (Line Drive, 89M)
Pedro Ramos scores
Raúl Bruno scores
Brandon Townsley to third
Runner from 3rd tries for Home, SAFE, no throw
Batting: RHB Irwin Duncan 0-0: Called Strike
0-1: Foul Ball, location: 2F
0-2: Ball
1-2: SINGLE (Flyball, 8RS)
Ángel González to third
Runner from 3rd tries for Home, SAFE, no throw
Batting: LHB John Foster 0-0: Called Strike
0-1: Ball
1-1: Ball
2-1: Ball
3-1: Ground out U3 (Groundball, 3)
Top of the 3rd over - 4 runs, 4 hits, 0 errors, 1 left on base; San Jose 4 - Santa Monica 0
BOTTOM OF THE 3RD
Santa Monica Bruins batting - Pitching for San Jose Missions : RHP Ralph Williams
Batting: LHB Gonzalo Benítez 0-0: Ball
1-0: Foul Ball, location: 2F
1-1: Ball
2-1: Ground out 4-3 (Groundball, 4)
Batting: RHB John Nelson 0-0: SINGLE (Line Drive, 4MD)
Batting: RHB Matt O'Rourke 0-0: Ball
1-0: Foul Ball, location: 2F
1-1: Ball
2-1: Ball
3-1: Base on Balls
John Nelson to second
Batting: RHB Luis Martínez 0-0: Ball
1-0: Ball
2-0: Ball
3-0: 3-RUN HOME RUN (Flyball, 7LD), Distance : 341 ft
Batting: RHB Manny Copriviza 0-0: SINGLE (Line Drive, 6D)
Batting: LHB Ethan Shaw 0-0: Ball
1-0: Swinging Strike
1-1: Ball
2-1: Called Strike
2-2: Ball
3-2: Base on Balls
Manny Copriviza to second
Batting: LHB Michael Myers 0-0: Ball
1-0: Fielders Choice at 2nd, 6-4 (Groundball, 6)
Manny Copriviza to third
Batting: RHB Mario Rosales 0-0: Ball
1-0: Ball
Wild Pitch!
Manny Copriviza scores
Michael Myers to second
2-0: Ball
3-0: Base on Balls
Batting: RHB Dave King 0-0: Ball
1-0: Ball
2-0: Ball
3-0: Base on Balls
Michael Myers to third
Mario Rosales to second
Batting: LHB Gonzalo Benítez 0-0: Called Strike
0-1: Ball
1-1: Ground out 4-3 (Groundball, 4)
Bottom of the 3rd over - 4 runs, 3 hits, 0 errors, 3 left on base; San Jose 4 - Santa Monica 4
TOP OF THE 4TH
San Jose Missions batting - Pitching for Santa Monica Bruins : LHP Rafael Alemán
Batting: RHB Chase Mueller 0-0: Ball
1-0: Swinging Strike
1-1: Foul Ball, location: 2F
1-2: Ball
2-2: Ball
3-2: Foul Ball, location: 2F
3-2: Strikes out swinging
Batting: LHB Pedro Ramos 0-0: Ball
1-0: Ball
2-0: Fly out, F7 (Flyball, 7)
Batting: RHB Raúl Bruno 0-0: Foul Ball, location: 2F
0-1: Ball
1-1: Foul Ball, location: 2F
1-2: Foul Ball, location: 2F
1-2: Ball
2-2: Foul Ball, location: 2F
2-2: DOUBLE (Groundball, 3L)
Batting: RHB José Ramos 0-0: SINGLE (Groundball, 34D)
Raúl Bruno to third
Runner from 3rd tries for Home, SAFE, no throw
Batting: RHB Brandon Townsley 0-0: Ball
1-0: Foul Ball, location: 2F
1-1: Ball
2-1: Ball
3-1: Base on Balls
José Ramos to second
Pitching: LHP John Lawson
Batting: RHB Jorge Díaz 0-0: Foul Ball, location: 2F
0-1: Ball
Wild Pitch!
José Ramos to third
Brandon Townsley to second
1-1: Foul Ball, location: 2F
1-2: Ball
2-2: Ball
3-2: Foul Ball, location: 2F
3-2: SINGLE (Line Drive, 3)
José Ramos scores
Brandon Townsley to third
Brandon Townsley scores
Batting: SHB Ángel González 0-0: Ball
1-0: Fly out, F7 (Line Drive, 7)
Top of the 4th over - 3 runs, 3 hits, 0 errors, 1 left on base; San Jose 7 - Santa Monica 4
BOTTOM OF THE 4TH
Santa Monica Bruins batting - Pitching for San Jose Missions : RHP Ralph Williams
Batting: RHB John Nelson 0-0: Swinging Strike
0-1: Ball
1-1: Foul Ball, location: 2F
1-2: Foul Ball, location: 2F
1-2: Reached on error, E6 (Groundball, 6)
Batting: RHB Matt O'Rourke 0-0: Called Strike
0-1: Swinging Strike
0-2: Ball
1-2: Strikes out swinging
Batting: RHB Luis Martínez 0-0: Ball
1-0: Ball
2-0: Ball
3-0: Base on Balls
Batting: RHB Manny Copriviza 0-0: Foul Ball, location: 2F
0-1: Swinging Strike
0-2: Ball
1-2: Strikes out swinging
Batting: LHB Ethan Shaw 0-0: Called Strike
0-1: Ground out U3 (Groundball, 3S)
Bottom of the 4th over - 0 runs, 0 hits, 1 error, 2 left on base; San Jose 7 - Santa Monica 4
TOP OF THE 5TH
San Jose Missions batting - Pitching for Santa Monica Bruins : LHP John Lawson
Batting: RHB Irwin Duncan 0-0: SINGLE (Groundball, 34D)
Batting: LHB John Foster 0-0: Ball
1-0: Called Strike
1-1: Foul Ball, location: 2F
1-2: Ball
2-2: Strikes out swinging
Batting: RHB Chase Mueller 0-0: Swinging Strike
0-1: Ball
1-1: Ball
2-1: Called Strike
2-2: Strikes out swinging
Batting: LHB Pedro Ramos 0-0: Foul Ball, location: 2F
0-1: Ball
1-1: Ball
2-1: Ball
3-1: Called Strike
3-2: Base on Balls
Irwin Duncan to second
Batting: RHB Raúl Bruno 0-0: Ground out 4-3 (Groundball, 4)
Top of the 5th over - 0 runs, 1 hit, 0 errors, 2 left on base; San Jose 7 - Santa Monica 4
BOTTOM OF THE 5TH
Santa Monica Bruins batting - Pitching for San Jose Missions : RHP Ralph Williams
Batting: LHB Michael Myers 0-0: Ball
1-0: Foul Ball, location: 2F
1-1: Called Strike
1-2: Foul Ball, location: 2F
1-2: Fly out, F7 (Flyball, 7)
Batting: RHB Mario Rosales 0-0: SINGLE (Groundball, 56D)
Batting: RHB Dave King 0-0: Called Strike
0-1: Ball
1-1: Ball
2-1: Grounds into double play, 5-4-3 (Groundball, 5)
Bottom of the 5th over - 0 runs, 1 hit, 0 errors, 0 left on base; San Jose 7 - Santa Monica 4
TOP OF THE 6TH
San Jose Missions batting - Pitching for Santa Monica Bruins : LHP John Lawson
Batting: RHB José Ramos 0-0: Ground out U3 (Groundball, 34S)
Batting: RHB Brandon Townsley 0-0: Called Strike
0-1: Ball
1-1: Ball
2-1: Foul Ball, location: 2F
2-2: Ball
3-2: Ground out U3 (Groundball, 34S)
Batting: RHB Jorge Díaz 0-0: Swinging Strike
0-1: Called Strike
0-2: Ball
1-2: Fly out, F9 (Flyball, 9D)
Top of the 6th over - 0 runs, 0 hits, 0 errors, 0 left on base; San Jose 7 - Santa Monica 4
BOTTOM OF THE 6TH
Santa Monica Bruins batting - Pitching for San Jose Missions : RHP Ralph Williams
Pitching: RHP Mark Bidwell
Batting: LHB Gonzalo Benítez 0-0: Called Strike
0-1: Fly out, F8 (Line Drive, 8LM)
Batting: RHB John Nelson 0-0: Swinging Strike
0-1: Swinging Strike
0-2: SINGLE (Groundball, 34S) (infield hit)
Batting: RHB Matt O'Rourke 0-0: Ball
1-0: Ball
2-0: Ball
3-0: Base on Balls
John Nelson to second
Batting: RHB Luis Martínez 0-0: Ball
1-0: Foul Ball, location: 2F
1-1: Foul Ball, location: 2F
1-2: Ball
2-2: Fly out, F3 (Flyball, 3D)
Batting: RHB Manny Copriviza 0-0: Called Strike
0-1: Foul Ball, location: 2F
0-2: Ball
1-2: Foul Ball, location: 2F
1-2: Ball
2-2: Foul Ball, location: 2F
2-2: Ball
3-2: Foul Ball, location: 2F
3-2: Fly out, F5 (Popup, 5SF)
Bottom of the 6th over - 0 runs, 1 hit, 0 errors, 2 left on base; San Jose 7 - Santa Monica 4
TOP OF THE 7TH
San Jose Missions batting - Pitching for Santa Monica Bruins : LHP John Lawson
Batting: SHB Ángel González 0-0: Ball
1-0: Swinging Strike
1-1: Swinging Strike
1-2: Foul Ball, location: 2F
1-2: Ground out 3-1 (Groundball, 34S)
Pitching: RHP Bobby Booker
Batting: RHB Irwin Duncan 0-0: Ball
1-0: Foul Ball, location: 2F
1-1: Swinging Strike
1-2: Strikes out swinging
Batting: LHB John Foster 0-0: Ball
1-0: Foul Ball, location: 2F
1-1: Foul Ball, location: 2F
1-2: Strikes out swinging
Top of the 7th over - 0 runs, 0 hits, 0 errors, 0 left on base; San Jose 7 - Santa Monica 4
BOTTOM OF THE 7TH
Santa Monica Bruins batting - Pitching for San Jose Missions : RHP Mark Bidwell
Batting: LHB Ethan Shaw 0-0: Ground out 3-1 (Groundball, 34)
Batting: LHB Michael Myers 0-0: Swinging Strike
0-1: Called Strike
0-2: Foul Ball, location: 2F
0-2: Ball
1-2: Ball
2-2: Foul Ball, location: 2F
2-2: Foul Ball, location: 2F
2-2: Ball
3-2: Base on Balls
Batting: RHB Mario Rosales 0-0: Called Strike
0-1: Grounds into double play, 4-6-3 (Groundball, 4)
Bottom of the 7th over - 0 runs, 0 hits, 0 errors, 0 left on base; San Jose 7 - Santa Monica 4
TOP OF THE 8TH
San Jose Missions batting - Pitching for Santa Monica Bruins : RHP Bobby Booker
Batting: RHB Chase Mueller 0-0: Ball
1-0: Ball
2-0: Foul Ball, location: 2F
2-1: Called Strike
2-2: Ball
3-2: Foul Ball, location: 2F
3-2: Base on Balls
Batting: LHB Pedro Ramos 0-0: Swinging Strike
0-1: Swinging Strike
0-2: Strikes out swinging
Chase Mueller steals 2nd base
Batter strikes out.
Batting: RHB Raúl Bruno 0-0: Intentional Walk
Batting: RHB José Ramos 0-0: Swinging Strike
0-1: Swinging Strike
0-2: Ball
1-2: Foul Ball, location: 2F
1-2: Strikes out swinging
Batting: RHB Brandon Townsley 0-0: Called Strike
0-1: Ball
1-1: Ball
2-1: Ball
3-1: Base on Balls
Chase Mueller to third
Raúl Bruno to second
Batting: RHB Jorge Díaz 0-0: Called Strike
0-1: Called Strike
0-2: Strikes out swinging
Top of the 8th over - 0 runs, 0 hits, 0 errors, 3 left on base; San Jose 7 - Santa Monica 4
BOTTOM OF THE 8TH
Santa Monica Bruins batting - Pitching for San Jose Missions : RHP Mark Bidwell
Batting: RHB Dave King 0-0: Foul Ball, location: 2F
0-1: Ball
1-1: Swinging Strike
1-2: Strikes out swinging
Batting: LHB Gonzalo Benítez 0-0: Ball
1-0: Ball
2-0: Ball
3-0: Called Strike
3-1: Base on Balls
Batting: RHB John Nelson 0-0: Ball
1-0: SINGLE (Groundball, 6MD)
Gonzalo Benítez to second
Runner from 2nd tries for 3rd, OUT!
John Nelson to second
Batting: RHB Matt O'Rourke 0-0: Swinging Strike
0-1: Ball
1-1: Ball
2-1: Ground out 5-3 (Groundball, 56S)
Bottom of the 8th over - 0 runs, 1 hit, 0 errors, 1 left on base; San Jose 7 - Santa Monica 4
TOP OF THE 9TH
San Jose Missions batting - Pitching for Santa Monica Bruins : RHP Bobby Booker
Batting: SHB Ángel González 0-0: Ball
1-0: Ball
2-0: Ball
3-0: Called Strike
3-1: Foul Ball, location: 2F
3-2: Strikes out swinging
Batting: RHB Irwin Duncan 0-0: Ball
1-0: Ball
2-0: Called Strike
2-1: Foul Ball, location: 2F
2-2: Strikes out swinging, 2-3 out at first.
Batting: LHB John Foster 0-0: Foul Ball, location: 2F
0-1: Ball
1-1: Ball
2-1: Ball
3-1: Base on Balls
Pitching: RHP Armand Calazzo
Batting: RHB Chase Mueller 0-0: Called Strike
0-1: Foul Ball, location: 2F
0-2: Strikes out swinging
Top of the 9th over - 0 runs, 0 hits, 0 errors, 1 left on base; San Jose 7 - Santa Monica 4
BOTTOM OF THE 9TH
Santa Monica Bruins batting - Pitching for San Jose Missions : RHP Mark Bidwell
Batting: RHB Luis Martínez 0-0: TRIPLE (Line Drive, 9LD)
Batting: RHB Manny Copriviza 0-0: Fly out, F9 (Flyball, 9)
Runner from 3rd tags up, SCORES, no throw
Batting: LHB Ethan Shaw 0-0: Called Strike
0-1: Ball
1-1: Foul Ball, location: 2F
1-2: Fly out, F7 (Flyball, 7LSF)
Batting: LHB Michael Myers 0-0: Called Strike
0-1: Swinging Strike
0-2: Strikes out swinging, 2-3 out at first.
Bottom of the 9th over - 1 run, 1 hit, 0 errors, 0 left on base; San Jose 7 - Santa Monica 5
Saturday, December 16th, 2017 - OOTP Baseball 18.8 Build 76